AoeStats
← Mick 98

Arena

509671641Analyzed
1v1 RM · 4d ago on Sep 27, 2026· 38m 36s· 2 players
Game mode
Random Map
Map size
Tiny (2 player)
Population
200
Speed
Normal
Resources
Standard
Victory
Conquest
Starting age
Dark Age
Ending age
Imperial Age
RankedLock teamsTeams togetherTeam positionsShared explorationLock speedFull tech treeHidden civsTurbo modeCheats
Victory
Defeat
🇨🇴 Chinese · Colombia
1273
+17
🇩🇪 Saracens · Germany
1289
-17
informessigma
0:36 Loom
11:05 Feudal Age
14:51 Castle Age
14:12 Double-Bit Axe
14:09 Horse Collar
29:20 Imperial Age
27:20 Fletching
27:31 Padded Archer Armor
27:55 Ballistics
28:59 Wheelbarrow
28:30 Bodkin Arrow
28:56 Thumb Ring
29:17 Crossbowman
30:42 Bracer
31:07 Arbalester
32:29 Conscription
32:33 Leather Archer Armor
34:01 Chemistry
33:00 Elite Skirmisher
34:31 Ring Archer Armor
34:38 Masonry
36:19 Heavy Rocket Cart
Mick 98
11:03 Feudal Age
15:21 Castle Age
14:09 Double-Bit Axe
14:06 Horse Collar
16:48 Bow Saw
19:36 Loom
22:38 Wheelbarrow
22:05 Heavy Plow
24:04 Town Watch
25:07 Gold Mining
25:08 Stone Mining
30:24 Imperial Age
27:19 Crossbowman
28:05 Thumb Ring
28:04 Padded Archer Armor
27:54 Fletching
28:02 Elite Skirmisher
30:36 Ballistics
30:43 Bloodlines
30:33 Husbandry
29:54 Light Cavalry
30:30 Arbalester
31:32 Bodkin Arrow
31:52 Leather Archer Armor
33:19 Chemistry
31:59 Heavy Camel Rider
33:38 Bracer
34:09 Ring Archer Armor
Connection lost

Rejoining the realm…

Still unreachable

The connection could not be restored.

Session expired

The server has moved on; the page needs a fresh start.